 Dungeon Crawl Stone Soup version 0.28.0-43-g3370ac3207 (webtiles) character file.

Game seed: 17638035747305930189

141 Ablot the Grasshopper (level 5, -2/43 HPs)
             Began as a Gnoll Warper on Mar 19, 2022.
             Killed from afar by Dowan (9 damage)
             ... with a puff of frost
             ... on level 4 of the Dungeon.
             The game lasted 00:03:38 (3881 turns).

Ablot the Grasshopper (Gnoll Warper)                Turns: 3881, Time: 00:03:39

Health: -2/43      AC:  4    Str: 12    XL:     5   Next: 24%
Magic:  12/12      EV: 13    Int: 12    God:
Gold:   167        SH:  0    Dex: 12    Spells: 12/14 levels left

rFire   . . .      SeeInvis +   a - +0 spear
rCold   . . .      Faith    .   (no shield)
rNeg    + . .      Spirit   .   b - +0 leather armour
rPois   .          Reflect  .   (no helmet)
rElec   .          Harm     .   (no cloak)
rCorr   .          Rampage  .   A - +0 pair of gloves
Will    .....                   (no boots)
Stlth   +.........              (no amulet)
HPRegen 0.14/turn               o - ring of positive energy
MPRegen 0.13/turn               p - ring of see invisible

@: no status effects
A: fangs 1, strong nose, distributed training
a: no special abilities


You were on level 4 of the Dungeon.
You visited 1 branch of the dungeon, and saw 4 of its levels.

You collected 167 gold pieces.

Inventory:

Hand Weapons
 a - a +0 spear (weapon)
Missiles
 d - 5 boomerangs of dispersal
 f - 25 arrows
 i - 12 poisoned darts (quivered)
 m - a stone
 n - 2 atropa-tipped darts
 y - 11 bolts
Armour
 b - a +0 leather armour (worn)
 e - a +0 buckler
 A - a +0 pair of gloves (worn)
Magical Staves
 x - a staff of fire
Jewellery
 o - a ring of positive energy (left hand)
 p - a ring of see invisible (right hand)
Wands
 j - a wand of paralysis (10)
Scrolls
 c - a scroll of blinking
 k - 2 scrolls of identify {unknown}
 l - 2 scrolls of enchant armour {unknown}
 q - a scroll of immolation {unknown}
 r - a scroll of vulnerability {unknown}
 s - a scroll of magic mapping {unknown}
 t - a scroll of noise {unknown}
 u - a scroll of teleportation {unknown}
 v - a scroll of summoning {unknown}
Potions
 g - 2 potions of invisibility {unknown}
 h - a potion of mutation {unknown}
 w - 3 potions of attraction {unknown}
 z - a potion of might {unknown}
 B - a potion of flight {unknown}


   Skills:
 + Level 4.7 Fighting
 + Level 1.4 Short Blades
 + Level 1.4 Long Blades
 + Level 1.4 Axes
 + Level 1.4 Maces & Flails
 + Level 4.7 Polearms
 + Level 1.4 Staves
 + Level 1.4 Slings
 + Level 1.4 Bows
 + Level 1.4 Crossbows
 + Level 2.9 Throwing
 + Level 2.9 Armour
 + Level 4.7 Dodging
 + Level 1.4 Stealth
 + Level 1.4 Shields
 + Level 1.4 Unarmed Combat
 + Level 5.2 Spellcasting
 + Level 1.1 Conjurations
 + Level 1.1 Hexes
 + Level 1.1 Summonings
 + Level 1.1 Necromancy
 + Level 5.5 Translocations
 + Level 1.1 Transmutations
 + Level 1.1 Fire Magic
 + Level 1.1 Ice Magic
 + Level 1.1 Air Magic
 + Level 1.1 Earth Magic
 + Level 1.1 Poison Magic
 + Level 1.6 Invocations
 + Level 1.4 Evocations


You had 12 spell levels left.
You knew the following spells:

 Your Spells              Type           Power      Damage    Failure   Level
a - Blink                 Tloc           32%        N/A       3%          2

Your spell library contained the following spells:

 Spells                   Type           Power      Damage    Failure   Level
 Gell's Gravitas          Tloc           16%        N/A       8%          3
 Lesser Beckoning         Tloc           16%        N/A       8%          3
 Teleport Other           Tloc           16%        N/A       8%          3
 Manifold Assault         Tloc           16%        N/A       56%         5
 Dispersal                Tloc           8%         N/A       98%         6


Dungeon Overview and Level Annotations

Branches:
Dungeon (4/15)
 Temple: D:4-7

Altars:

Annotations:
D:4 exclusion: ogre, Dowan, Duvessa


Innate Abilities, Weirdness & Mutations

You have very sharp teeth.
Your uncanny sense of smell can sniff out nearby items.
Your experience applies equally to all skills.


Message History

You reach to attack!
You hit the worm.
The worm is heavily wounded.
Reach: a) +0 spear
Press: ? - help, Dir - move target, f/p - worm
Aim: a worm (heavily wounded, about 19% to evade your +0 spear)
You reach to attack!
You hit the worm but do no damage.
The worm is heavily wounded.
Reach: a) +0 spear
Press: ? - help, Dir - move target, f/p - worm
Aim: a worm (heavily wounded, about 19% to evade your +0 spear)
You reach to attack!
You barely miss the worm.
The worm is heavily wounded.
Reach: a) +0 spear
Press: ? - help, Dir - move target, f/p - worm
Aim: a worm (moderately wounded, about 19% to evade your +0 spear)
You hit the worm. Your punch misses the worm. You bite the worm.
The worm is heavily wounded.
Reach: a) +0 spear
Press: ? - help, Dir - move target, f/p - worm
Aim: a worm (moderately wounded, about 19% to evade your +0 spear)
You hit the worm. You punch the worm. You bite the worm, but do no damage.
The worm is severely wounded.
A dart slug comes into view.
Reach: a) +0 spear
Press: ? - help, Dir - move target, f/p - worm
Aim: a worm (severely wounded, about 19% to evade your +0 spear) Dowan shouts!
You hit the worm.
You kill the worm!
Dowan smirks and points a slender finger.
Reach: a) +0 spear
Press: ? - help, Dir - move target, f - iguana
Aim: an iguana (heavily wounded, about 32% to evade your +0 spear)
You hit the iguana but do no damage.
The iguana is heavily wounded.
The iguana bites you!
* * * LOW HITPOINT WARNING * * *
Dowan points at you and mumbles some strange words.
The puff of frost hits you!
You die...

.... #.(........# ∆ ...
#......# #.........#
...###...w.e###.........#
........................#
.......................# .#
#............####.##..##.##
............####.##......#
#.........l.##l##......#
#.........@.##..#......#
#...........###.#......#
#...........###.#......#
##.#######........l....#
#.# #................+ ∆
#.# #................# #†#
#................# #.#
#................# #.#
#............###...


You could see Dowan, an iguana and a dart slug.

Vanquished Creatures
  A scorpion (D:4)
  2 adders
  4 worms
  2 dart slugs
  6 bats
  2 endoplasms
  3 giant cockroaches
  5 goblins
  4 hobgoblins
  4 jackals (D:1)
  2 quokkas (D:1)
  3 ball pythons
  2 frilled lizards
  5 kobolds
  2 rats
47 creatures vanquished.

Notes
Turn   | Place    | Note
-------+----------+-------------------------------------------
     0 | D:1      | Ablot the Gnoll Warper began the quest for the Orb.
     0 | D:1      | Reached XP level 1. HP: 20/20 MP: 6/6
    62 | D:1      | Reached XP level 2. HP: 19/26 MP: 7/7
    71 | D:1      | Learned a level 2 spell: Blink
   193 | D:1      | You fall into a shaft and drop 1 floor!
   491 | D:2      | Found a faded altar of an unknown god.
  1173 | D:1      | Reached XP level 3. HP: 22/31 MP: 9/9
  1297 | D:1      | Reached skill level 5 in Spellcasting
  2062 | D:2      | Reached skill level 1 in Invocations
  2539 | D:2      | Reached skill level 1 in Short Blades
  2539 | D:2      | Reached skill level 1 in Long Blades
  2539 | D:2      | Reached skill level 1 in Axes
  2539 | D:2      | Reached skill level 1 in Maces & Flails
  2539 | D:2      | Reached skill level 1 in Staves
  2539 | D:2      | Reached skill level 1 in Slings
  2539 | D:2      | Reached skill level 1 in Bows
  2539 | D:2      | Reached skill level 1 in Crossbows
  2539 | D:2      | Reached skill level 1 in Stealth
  2539 | D:2      | Reached skill level 1 in Shields
  2539 | D:2      | Reached skill level 1 in Unarmed Combat
  2539 | D:2      | Reached skill level 1 in Evocations
  2843 | D:3      | Reached XP level 4. HP: 24/38 MP: 11/11
  3388 | D:4      | Noticed Duvessa
  3388 | D:4      | Noticed Dowan
  3709 | D:4      | Noticed an ogre
  3719 | D:4      | Noticed a scorpion
  3731 | D:4      | Killed a scorpion
  3732 | D:4      | Reached skill level 1 in Conjurations
  3732 | D:4      | Reached skill level 1 in Hexes
  3732 | D:4      | Reached skill level 1 in Summonings
  3732 | D:4      | Reached skill level 1 in Necromancy
  3732 | D:4      | Reached skill level 1 in Transmutations
  3732 | D:4      | Reached skill level 1 in Fire Magic
  3732 | D:4      | Reached skill level 1 in Ice Magic
  3732 | D:4      | Reached skill level 1 in Air Magic
  3732 | D:4      | Reached skill level 1 in Earth Magic
  3732 | D:4      | Reached skill level 1 in Poison Magic
  3732 | D:4      | Reached XP level 5. HP: 32/43 MP: 12/12
  3881 | D:4      | Killed from afar by Dowan

Illustrated notes

Levels and vault maps discovered:
D:1:      enne_arrival_octagon_isle, layout_loops_ring
D:2:      layout_loops_ring, shapermc_ecumenical_altar_flowoftime,
          nicolae_underground_beach
D:3:      layout_rooms
D:4:      layout_basic, led_xom_imps, lemuel_tele_altar, uniq_duvessa

Skill      XL: |  1  2  3  4 |
---------------+-------------+-----
Spellcasting   | 5 |  5.2
Invocations    | 1 |  1.6
Short Blades   | 1 |  1.4
Long Blades    | 1 |  1.4
Axes           | 1 |  1.4
Maces & Flails | 1 |  1.4
Staves         | 1 |  1.4
Slings         | 1 |  1.4
Bows           | 1 |  1.4
Crossbows      | 1 |  1.4
Stealth        | 1 |  1.4
Shields        | 1 |  1.4
Unarmed Combat | 1 |  1.4
Evocations     | 1 |  1.4
Conjurations   | 1 |  1.1
Hexes          | 1 |  1.1
Summonings     | 1 |  1.1
Necromancy     | 1 |  1.1
Transmutations | 1 |  1.1
Fire Magic     | 1 |  1.1
Ice Magic      | 1 |  1.1
Air Magic      | 1 |  1.1
Earth Magic    | 1 |  1.1
Poison Magic   | 1 |  1.1
Fighting       | |  4.7
Polearms       | |  4.7
Throwing       | |  2.9
Armour         | |  2.9
Dodging        | |  4.7
Translocations | |  5.5

Action                   |  1- 3 |  4- 6 || total
-------------------------+-------+-------++-------
Melee: Spear             |   185 |    69 ||   254
       Bite              |    13 |     7 ||    20
       Punch             |     1 |     2 ||     3
Throw: Dart              |       |     2 ||     2
 Stab: Sleeping          |     3 |     1 ||     4
Armor: Leather armour    |    23 |     8 ||    31
Dodge: Dodged            |    76 |    30 ||   106
